 Dungeon Crawl Stone Soup version 0.30-a0-352-g1e81539c98 (webtiles) character file.

Game seed: 18054764709084536761

1375 Asagix the Chopper (level 8, 0/91 HPs)
             Began as a Demonspawn Berserker on Nov 7, 2022.
             Was a Priest of Trog.
             Slain by an orc warrior
             ... wielding a +0 glaive
              (13 damage)
             ... on level 6 of the Dungeon.
             The game lasted 00:18:28 (5306 turns).

Asagix the Chopper (Demonspawn Berserker)           Turns: 5306, Time: 00:18:29

Health: 0/91       AC:  8    Str: 23    XL:     8   Next: 39%
Magic:  2/2        EV: 13    Int:  8    God:    Trog [***...]
Gold:   326        SH:  0    Dex: 13    Spells: 7/7 levels left

rFire   + . .      SeeInvis .    w - +7 whip "Goory" {antimagic, Str+3}
rCold   + . .      Faith    .    (no shield)
rNeg    . . .      Spirit   .    I - +2 robe {rC+ rF+}
rPois   .          Reflect  .    (helmet restricted)
rElec   .          Harm     .    n - +0 cloak
rCorr   .          Rampage  .    (no gloves)
Will    .....                    v - +0 pair of boots
Stlth   ..........               g - amulet of the acrobat
HPRegen 0.35/turn                m - ring of flight
MPRegen 0.16/turn                (no ring)

@: berserking, flying, very quick
A: antennae 2, molten scales 1, magic regeneration
a: Renounce Religion, Berserk, Trog's Hand


You were on level 6 of the Dungeon.
You worshipped Trog.
Trog was most pleased with you.
You visited 1 branch of the dungeon, and saw 6 of its levels.

You collected 326 gold pieces.

Inventory:

Hand Weapons
 b - a +0 short sword
 p - the +1 hand axe of Jaev {vorpal, Fly rN+}
   (You found it on level 2 of the Dungeon)

   It inflicts extra damage upon your enemies.
   rN:        It protects you from negative energy.
   Fly:       It grants you flight.
 q - a +0 morningstar
 w - the +7 whip "Goory" (weapon) {antimagic, Str+3}
   (You found it on level 5 of the Dungeon)

   It reduces the magical energy of the wielder, and disrupts the spells and
   magical abilities of those it strikes.
   Natural abilities and divine invocations are not affected.
   Str:       It affects your strength (+3).
 H - a +0 scythe of flaming
Armour
 a - a +0 animal skin
 e - a +0 helmet
 n - a +0 cloak (worn)
 u - a +0 scale mail
 v - a +0 pair of boots (worn)
 I - a +2 robe of resistance (worn)
Jewellery
 g - an amulet of the acrobat (around neck)
 m - a ring of flight (left hand)
 C - a ring of fire
 G - a ring of wizardry
Wands
 k - a wand of polymorph (5)
 D - a wand of iceblast (9)
Scrolls
 c - a scroll of enchant weapon
 f - 6 scrolls of teleportation
 h - 3 scrolls of summoning
 s - a scroll of noise
 t - a scroll of blinking {unknown}
 x - 2 scrolls of poison {unknown}
 y - a scroll of magic mapping {unknown}
 B - a scroll of enchant armour {unknown}
 E - a scroll of amnesia {unknown}
Potions
 d - 4 potions of curing
 i - a potion of mutation {unknown}
 j - 6 potions of flight
 l - a potion of lignification {unknown}
 o - 4 potions of might
 r - 2 potions of brilliance {unknown}
 z - a potion of ambrosia {unknown}
 F - 2 potions of degeneration


   Skills:
 + Level 4.7 Fighting
 + Level 2.0 Short Blades
 + Level 5.2(5.3) Axes
 + Level 0.9(3.4) Maces & Flails
 + Level 4.5 Armour
 + Level 4.2 Dodging
 + Level 1.9 Stealth
 + Level 3.2 Unarmed Combat


You had 7 spell levels left.
You didn't know any spells.
Your spell library contained the following spells:

 Spells                   Type           Power      Damage    Failure   Level
 Freeze                   Ice            0%         1d3       41%         1
 Ignite Poison            Fire/Tmut/Pois 0%         N/A       78%         3
 Kindle Blastsparks       Fire/Tloc/Air  0%         2d10      78%         3
 Leda's Liquefaction      Hex/Erth       0%         N/A       99%         4
 Freezing Cloud           Conj/Ice/Air   0%         6-21      100%        5
 Lee's Rapid Deconstruct  Erth           0%         3d4*      100%        5
 Statue Form              Tmut/Erth      0%         N/A       100%        6


Dungeon Overview and Level Annotations

Branches:
Dungeon (6/15)             Temple (0/1) D:4

Altars:
Kikubaaqudgha
Okawaru
Xom


Innate Abilities, Weirdness & Mutations

You have a pair of antennae on your head.
You are partially covered in molten scales. (AC +2)
You regenerate magic rapidly.


Message History

The orc warrior hits you with a +0 glaive!
You hit the orc warrior.
The orc warrior is moderately wounded.
The iguana barely misses you. The orc warrior barely misses you.
You barely miss the orc warrior.
The orc warrior is moderately wounded.
The iguana bites you but does no damage.
The orc warrior barely misses you.
You hit the orc warrior.
The orc warrior is moderately wounded.
The iguana closely misses you.
The orc warrior hits you with a +0 glaive!
You whack the orc warrior!
The orc warrior is heavily wounded.
The iguana completely misses you.
The orc warrior hits you with a +0 glaive!
You barely miss the orc warrior.
The orc warrior is heavily wounded.
The iguana bites you!
* * * LOW HITPOINT WARNING * * *
The orc warrior misses you.
You barely miss the orc warrior.
The orc warrior is heavily wounded.
The iguana bites you.
* * * LOW HITPOINT WARNING * * *
The orc warrior hits you with a +0 glaive!
* * * LOW HITPOINT WARNING * * *
You feel much better. The iguana barely misses you.
The orc warrior barely misses you.
You hit the orc warrior.
The orc warrior is heavily wounded.
The iguana bites you!
* * * LOW HITPOINT WARNING * * *
The orc warrior hits you with a +0 glaive!
* * * LOW HITPOINT WARNING * * *
A red film seems to cover your vision as you go berserk!
You feel yourself moving faster!
You feel mighty! The iguana closely misses you.
The orc warrior hits you with a +0 glaive!
You die...

####### ###### ......
#....# .....
########....# ....
............# #..##
#######..<).## ...†#
##>.......l.>.##
##..###.........@....##
#...#.........o).....#
#.#.#.............$..#
#.#..................#
#.#.[.......>..........#
#.#.#..................#
#.#.#..................#
#...##..$..............#
...##.......#..........#


You could see an orc warrior and an iguana.

Vanquished Creatures
  Sigmund (D:5)
  The ghost of borntocrawl the Firebug, an amateur DgFE (D:4)
  A water moccasin (D:5)
  A black bear (D:5)
  3 scorpions
  A necrophage (D:4)
  A howler monkey (D:5)
  2 jellies
  A gnoll bouda (D:5)
  4 hounds
  2 iguanas
  15 gnolls
  13 adders
  A river rat (D:4)
  2 ufetubi (D:5)
  2 worms (D:4)
  2 dart slugs
  3 orcs (D:6)
  4 endoplasms
  2 giant cockroaches (D:2)
  12 goblins
  7 hobgoblins
  7 quokkas
  4 ball pythons
  4 bats
  A frilled lizard (D:2)
  11 kobolds
  10 rats
118 creatures vanquished.

Vanquished Creatures (others)
  19 fungi (D:5)
  2 plants (D:1)
21 creatures vanquished.

Grand Total: 139 creatures vanquished

Notes
Turn   | Place    | Note
-------+----------+-------------------------------------------
     0 | D:1      | Asagix the Demonspawn Berserker began the quest for the
                  | Orb.
     0 | D:1      | Reached XP level 1. HP: 18/18 MP: 1/1
    25 | D:1      | Found a faded altar of an unknown god.
    37 | D:1      | Got Plato's Almanac of Firn
   539 | D:1      | Gained mutation: You are partially covered in molten
                  | scales. (AC +2) [demonic ancestry]
   539 | D:1      | Reached XP level 2. HP: 24/24 MP: 2/2
  1032 | D:2      | Reached XP level 3. HP: 18/29 MP: 3/3
  1136 | D:2      | Reached skill level 1 in Short Blades
  1264 | D:2      | Identified the +1 hand axe of Jaev {vorpal, Fly rN+}
  1279 | D:2      | Reached XP level 4. HP: 32/35 MP: 4/4
  1812 | D:2      | Reached skill level 1 in Stealth
  1813 | D:2      | Gained mutation: You have a pair of small antennae on your
                  | head. [demonic ancestry]
  1813 | D:2      | Reached XP level 5. HP: 18/41 MP: 5/5
  2310 | D:3      | Reached ** piety under Trog
  2417 | D:3      | Found a shimmering altar of Xom.
  2428 | D:3      | Reached skill level 1 in Axes
  2856 | D:4      | Reached skill level 2 in Axes
  2856 | D:4      | Gained mutation: You have a pair of antennae on your head.
                  | [demonic ancestry]
  2856 | D:4      | Reached XP level 6. HP: 42/48 MP: 6/6
  2880 | D:4      | Found a staircase to the Ecumenical Temple.
  2929 | D:4      | Found a runed translucent door.
  2947 | D:4      | Noticed borntocrawl's ghost (amateur DgFE)
  2964 | D:4      | Killed borntocrawl's ghost
  2965 | D:4      | Reached skill level 3 in Axes
  3014 | D:4      | Found an iron altar of Okawaru.
  3172 | D:4      | Found an ancient bone altar of Kikubaaqudgha.
  3259 | D:4      | Reached XP level 7. HP: 54/54 MP: 7/7
  3824 | D:4      | Reached *** piety under Trog
  3906 | D:5      | Entered Level 5 of the Dungeon
  3913 | D:5      | Reached skill level 4 in Axes
  4763 | D:5      | Identified the +7 whip "Goory" {antimagic, Str+3}
  4898 | D:5      | Noticed Sigmund
  4914 | D:5      | Killed Sigmund
  4915 | D:5      | Gained mutation: You regenerate magic rapidly. [demonic
                  | ancestry]
  4915 | D:5      | Reached XP level 8. HP: 49/61 MP: 2/8
  5102 | D:6      | Reached skill level 5 in Axes
  5303 | D:6      | HP: 2/61 [orc warrior/+0 glaive (10)]
  5306 | D:6      | Slain by an orc warrior

Illustrated notes

Levels and vault maps discovered:
D:1:      tarquinn_simple_flora_water_b, layout_basic,
          shapermc_ecumenical_altar_rom_forum, serial_forest,
          infiniplex_forest_straight_2, infiniplex_forest_end_3,
          infiniplex_forest_lined_ring, infiniplex_forest_lined_2,
          infiniplex_forest_clump_double
D:2:      wad_river_or_something, layout_basic
D:3:      kennysheep_six_static_rooms, layout_rooms,
          mainiacjoe_overflow_tiny_flanked
D:4:      layout_basic, mainiacjoe_overflow_large_starburst,
          minmay_temple_entry_waves, ebering_ghost_reflecting_pool,
          gup_sewer_entry_spiral, hex_tiny, reono_crystal_passage
D:5:      layout_loops_ring, serial_aquarium, aquarium_bridge_square
          [aquarium_subvault_wall, aquarium_subvault_bridge,
          aquarium_subvault_window, aquarium_subvault_wall],
          aquarium_bridge_long_separate [aquarium_subvault_bridge,
          aquarium_subvault_wall, aquarium_subvault_bridge,
          aquarium_subvault_wall, aquarium_subvault_wall,
          aquarium_subvault_bridge], aquarium_window_fake, aquarium_window_fake,
          aquarium_view_2c, aquarium_view_2a, aquarium_balcony_3b,
          dreamdust_princess_corridor, uniq_sigmund
D:6:      layout_rooms, nicolae_ossuary_entry_monument

Skill      XL: |  1  2  3  4  5  6  7  8 |
---------------+-------------------------+-----
Unarmed Combat | 3 |  3.2
Dodging        | 2 3 4 |  4.2
Short Blades   | 1 2 |  2.0
Stealth        | 1 |  1.9
Armour         | 2 4 |  4.5
Axes           | 2 3 4 5 |  5.2
Fighting       | 4 |  4.7
Maces & Flails | |  0.9

Action                   |  1- 3 |  4- 6 |  7- 9 || total
-------------------------+-------+-------+-------++-------
Melee: Short sword       |   124 |     1 |       ||   125
       Unarmed           |    10 |       |       ||    10
       Punch             |     5 |     4 |     6 ||    15
       Hand axe          |       |   177 |   141 ||   318
       Whip              |       |       |    50 ||    50
Invok: Berserk           |     1 |     1 |     1 ||     3
  Use: Potion            |       |     2 |     2 ||     4
       Scroll            |       |       |     8 ||     8
 Stab: Sleeping          |     1 |     1 |     1 ||     3
Armor: Animal skin       |    40 |    17 |       ||    57
       Scale mail        |       |    92 |    74 ||   166
       Robe              |       |       |    13 ||    13
Dodge: Dodged            |    93 |   146 |   145 ||   384

Table legend: (Time is in decaauts)
 A = Elapsed time spent in this place.
 B = Non-inter-level travel time spent in this place.
 C = Inter-level travel time spent in this place.
 D = Time resting spent in this place.
 E = Time spent auto-exploring this place.
 F = Levels seen in this place.
 G = Mean time per level.
                   A        B        C        D        E       F      G
               +--------+--------+--------+--------+--------+-----+--------+
         Total |   5367 |   5188 |    179 |   1178 |   2642 |   6 |  894.5 |
       Dungeon |   5367 |   5188 |    179 |   1178 |   2642 |   6 |  894.5 |
               +--------+--------+--------+--------+--------+-----+--------+

Top non-repeatable levels by time:
     D:2: 1355 daAuts
     D:5: 1247 daAuts
     D:4: 1099 daAuts
     D:1: 946 daAuts
     D:3: 559 daAuts
     D:6: 158 daAuts
